 Dungeon Crawl Stone Soup version 0.27-a0-860-gaf99fae3ca (webtiles) character file.

Game seed: 11719283216638766607

110 robertstho the Skirmisher (level 4, -2/45 HPs)
             Began as a Troll Delver on Apr 1, 2021.
             Slain by an orc
             ... wielding a +0 short sword
              (3 damage)
             ... on level 3 of the Dungeon.
             The game lasted 00:01:16 (357 turns).

robertstho the Skirmisher (Troll Delver)             Turns: 357, Time: 00:01:17

Health: -2/45      AC:  4    Str: 21    XL:     4   Next: 61%
Magic:  3/3        EV: 10    Int:  6    God:
Gold:   23         SH:  0    Dex: 11    Spells: 3/3 levels left

rFire    . . .     SeeInvis .     - Unarmed
rCold    . . .     Faith    .   (no shield)
rNeg     . . .     Spirit   .   a - +0 robe
rPois    .         Reflect  .   (helmet restricted)
rElec    .         Harm     .   (no cloak)
rCorr    .         Rampage  .   (gloves unavailable)
Will     .....                  (boots unavailable)
Stlth    ++........             (no amulet)
HPRegen  1.15/turn              (no ring)
MPRegen  0.08/turn              (no ring)

@: no status effects
A: large, unfitting armour, claws 3, regeneration 1, shaggy fur 1, tough skin 1
a: no special abilities


You were on level 3 of the Dungeon.
You visited 1 branch of the dungeon, and saw 3 of its levels.

You collected 23 gold pieces.

Inventory:

Armour
 a - a +0 robe (worn)
Wands
 f - a wand of digging (3)
 g - a wand of polymorph (10)
Scrolls
 b - a scroll of fog
 c - a scroll of magic mapping
 d - a scroll of fear
 e - a scroll of enchant weapon {unknown}
 i - a scroll of acquirement {unknown}
Potions
 h - a potion of invisibility {unknown}
 j - a potion of curing {unknown}


   Skills:
 * Level 3.4 Fighting
 * Level 1.7 Armour
 + Level 2.0 Dodging
 - Level 2.7 Stealth
 + Level 2.6 Unarmed Combat


You had 3 spell levels left.
You didn't know any spells.
Your spell library was empty.

Dungeon Overview and Level Annotations

Branches:
Dungeon (5/15)
 Temple: D:4-7

Altars:

Annotations:
D:3 3 runed translucent doors, rageheart7's ghost, weakling DsCK


Innate Abilities, Weirdness & Mutations

You are too large for most types of armour.
You have claws for hands.
Your natural rate of healing is unusually fast.
You are covered in fur. (AC +1)
You have tough skin. (AC +1)


Message History

The orc shouts! x2; You hear a shout!
The centaur skeleton hits you but does no damage.
The centaur skeleton kicks you.
You see here a +0 club.
An orc and a dart slug come into view.
The orc shouts!
An orc comes into view. It is wielding a +0 short sword.
The kobold closely misses you.
The orc moves out of view.
There is an open door here.
You're too confused to move!
The orc wizard shouts!
The orc hits you with a +3 whip. The centaur skeleton hits you.
The centaur skeleton kicks you but does no damage.
The kobold hits you with a +0 dagger.
You claw the centaur skeleton!
The centaur skeleton is almost destroyed.
The centaur skeleton completely misses you.
The centaur skeleton closely misses you.
The orc hits you with a +3 whip. The kobold hits you with a +0 dagger.
The orc hits you with a +3 hand axe.
A hobgoblin comes into view.
The centaur skeleton barely misses you.
The centaur skeleton kicks you but does no damage.
You barely miss the orc. The orc hits you with a +3 whip!
The centaur skeleton hits you but does no damage.
The centaur skeleton kicks you but does no damage.
The orc hits you with a +3 hand axe.
* * * LOW HITPOINT WARNING * * *
The kobold closely misses you. The orc barely misses you.
Unknown command.
You're too confused to move!
You feel less confused. The orc barely misses you.
The centaur skeleton hits you.
* * * LOW HITPOINT WARNING * * *
The centaur skeleton kicks you.
* * * LOW HITPOINT WARNING * * *
The kobold hits you with a +0 dagger.
* * * LOW HITPOINT WARNING * * *
The orc barely misses you. The orc hits you with a +0 short sword.
You die...

#.# #.# #.#
#.#
#..####.####
.#.........#
...#####...#
......o#Z..#
..gw.oo@Ko.#
.#...#.#o..#
#..
#+#o...... #
..#o####
...#o#
....#..
...#.#...
o####.#..[.


You could see an orc wizard, a dart slug, 7 orcs, a hobgoblin, a kobold and a
centaur skeleton.

Vanquished Creatures
  2 bullfrog skeletons (D:5)
  A centaur skeleton (D:5)
  An iguana (D:4)
  A goblin (D:3)
5 creatures vanquished.

Notes
Turn   | Place    | Note
-------+----------+-------------------------------------------
     0 | D:5      | robertstho the Troll Delver began the quest for the Orb.
     0 | D:5      | Reached XP level 1. HP: 22/22 MP: 0/0
   115 | D:5      | Reached skill level 1 in Armour
   115 | D:5      | Reached XP level 2. HP: 25/29 MP: 1/1
   145 | D:5      | Reached skill level 3 in Fighting
   145 | D:5      | Reached XP level 3. HP: 27/37 MP: 2/2
   164 | D:5      | Reached XP level 4. HP: 43/45 MP: 3/3
   186 | D:5      | Noticed a vampire
   205 | D:5      | HP: 2/45 [something (3)]
   309 | D:3      | Noticed rageheart7's ghost (weakling DsCK)
   321 | D:3      | Found a runed translucent gate.
   321 | D:3      | Found a runed translucent gate.
   321 | D:3      | Found a runed translucent gate.
   357 | D:3      | HP: 1/45 [kobold/+0 dagger (3)]
   357 | D:3      | Slain by an orc

Illustrated notes

Levels and vault maps discovered:
D:3:      layout_basic, lemuel_tele_altar, gammafunk_ghost_split,
          minmay_fractal_squares_diagonal_5
D:4:      layout_basic, gammafunk_temple_overflow_claw, uniq_crazy_yiuf_cottage,
          uniq_menkaure, uniq_grinder
D:5:      layout_layer_cave, lemuel_mausoleum_altar_yredelemnul,
          minmay_misc_feat_hallway, uniq_eustachio

Skill      XL: |  1  2  3  4 |
---------------+-------------+-----
Armour         | 1 |  1.7
Fighting       | 3 |  3.4
Dodging        | 2 |  2.0
Stealth        | |  2.7
Unarmed Combat | |  2.6

Action                   |  1- 3 |  4- 6 || total
-------------------------+-------+-------++-------
Melee: Unarmed           |    12 |    14 ||    26
  Use: Potion            |       |     1 ||     1
 Stab: Sleeping          |       |     1 ||     1
Armor: Robe              |     8 |     7 ||    15
Dodge: Dodged            |     1 |    12 ||    13

Table legend: (Time is in decaauts)
 A = Elapsed time spent in this place.
 B = Non-inter-level travel time spent in this place.
 C = Inter-level travel time spent in this place.
 D = Time resting spent in this place.
 E = Time spent auto-exploring this place.
 F = Levels seen in this place.
 G = Mean time per level.
                   A        B        C        D        E       F      G
               +--------+--------+--------+--------+--------+-----+--------+
         Total |    336 |    328 |      8 |      0 |    232 |   3 |  112.0 |
       Dungeon |    336 |    328 |      8 |      0 |    232 |   3 |  112.0 |
               +--------+--------+--------+--------+--------+-----+--------+

Top non-repeatable levels by time:
     D:5: 222 daAuts
     D:3: 72 daAuts
     D:4: 42 daAuts
